[gd_scene load_steps=10 format=3 uid="uid://l23g0ui6lk3x"]

[ext_resource type="Script" path="res://src/level/ocean.gd" id="1_5711s"]
[ext_resource type="PackedScene" uid="uid://bmwso7ctqn6mx" path="res://src/player/fish_school.tscn" id="5_pgiom"]
[ext_resource type="Shader" path="res://src/level/decoration/ocean.gdshader" id="6_67apn"]
[ext_resource type="Texture2D" uid="uid://d3djcovdisvm5" path="res://icon.svg" id="6_jbc7a"]
[ext_resource type="PackedScene" uid="uid://ciym4msmnu7qa" path="res://src/menu/in_game_menu.tscn" id="6_m8r7k"]
[ext_resource type="Script" path="res://src/level/decoration/water_shader.gd" id="8_ddyre"]

[sub_resource type="FastNoiseLite" id="FastNoiseLite_ood3u"]
frequency = 0.04

[sub_resource type="NoiseTexture2D" id="NoiseTexture2D_jyhlw"]
noise = SubResource("FastNoiseLite_ood3u")

[sub_resource type="ShaderMaterial" id="ShaderMaterial_cr8ha"]
shader = ExtResource("6_67apn")
shader_parameter/scroll = Vector2(0.05, 0.05)
shader_parameter/distortion_strength = 0.01
shader_parameter/noise = SubResource("NoiseTexture2D_jyhlw")

[node name="Ocean" type="Node2D"]
texture_filter = 1
script = ExtResource("1_5711s")

[node name="CanvasModulate" type="CanvasModulate" parent="."]
scale = Vector2(1000, 1000)
color = Color(0, 0, 0, 1)

[node name="FishSchool" parent="." instance=ExtResource("5_pgiom")]

[node name="InGameMenu" parent="." instance=ExtResource("6_m8r7k")]

[node name="WaterShader" type="Sprite2D" parent="InGameMenu"]
z_index = 20
material = SubResource("ShaderMaterial_cr8ha")
position = Vector2(167.5, 99.5)
scale = Vector2(37.5391, 27.1016)
texture = ExtResource("6_jbc7a")
script = ExtResource("8_ddyre")
